 Dungeon Crawl Stone Soup version 0.21.1-74-g47da925 (webtiles) character file.

6691 Madoushi the Cleaver (level 10, -22/91 HPs)
             Began as a Minotaur Berserker on Aug 6, 2018.
             Was a High Priest of Trog.
             Annihilated by Urug
             ... wielding a +4 double sword of electrocution
              (31 damage)
             ... on level 10 of the Dungeon.
             The game lasted 00:19:31 (8751 turns).

Madoushi the Cleaver (Minotaur Berserker)           Turns: 8751, Time: 00:19:32

Health: -22/91     AC:  9    Str: 25    XL:     10   Next: 74%
Magic:  3/3        EV: 14    Int:  4    God:    Trog [*****.]
Gold:   485        SH:  3    Dex: 10    Spells: 9/9 levels left

rFire    . . .     SeeInvis .   E - +5 executioner's axe (antimagic)
rCold    . . .     Gourm    .   (shield currently unavailable)
rNeg     . . .     Faith    .   h - +1 ring mail
rPois    .         Spirit   .   (helmet restricted)
rElec    .         Reflect  +   (no cloak)
rCorr    .         Harm     .   i - +0 pair of gloves
MR       .....                  (no boots)
Stlth    +.........             f - +3 amulet of reflection
HPRegen  0.25/turn              (no ring)
MPRegen  0.08/turn              (no ring)

@: no status effects
A: retaliatory headbutt, horns 2
a: Berserk, Trog's Hand, Brothers in Arms, Burn Spellbooks, Renounce Religion


You were on level 10 of the Dungeon.
You worshipped Trog.
Trog was extremely pleased with you.
You were not hungry.

You visited 1 branch of the dungeon, and saw 10 of its levels.

You collected 485 gold pieces.

Inventory:

Hand Weapons
 a - a +0 hand axe
 E - a +5 antimagic executioner's axe (weapon)
Armour
 b - a +0 animal skin
 h - a +1 ring mail (worn)
 i - a +0 pair of gloves (worn)
 n - a +0 buckler
 p - a +0 plate armour
 H - a +0 chain mail
Jewellery
 f - a +3 amulet of reflection (around neck)
 s - an uncursed ring of fire
Wands
 u - a wand of acid (5)
 F - a wand of paralysis (16)
 I - a wand of random effects (23)
Scrolls
 d - 2 scrolls of teleportation
 j - 7 scrolls of identify
 k - 2 scrolls of enchant armour
 t - a scroll of fog
 w - a scroll of fear
 x - a scroll of remove curse
 y - a scroll of enchant weapon {unknown}
 A - a scroll of noise {unknown}
 D - 2 scrolls of blinking
Potions
 e - 5 potions of curing
 g - 2 potions of ambrosia
 l - 2 potions of flight
 m - 4 potions of might
 o - a potion of degeneration {unknown}
 q - a potion of haste
 r - 3 potions of magic
 v - a potion of berserk rage {unknown}
 z - a potion of resistance {unknown}
 B - 2 potions of agility
 C - a potion of mutation {unknown}
 G - a potion of lignification {unknown}
 J - a potion of invisibility {unknown}
Comestibles
 c - 17 rations


   Skills:
 + Level 9.1 Fighting
 + Level 12.6 Axes
 + Level 8.5 Armour
 + Level 7.1 Dodging
 + Level 2.3 Stealth
 + Level 5.4 Shields


You had 9 spell levels left.
You didn't know any spells.

Dungeon Overview and Level Annotations

Branches:
Dungeon (10/15)            Temple (0/1) D:6            Lair (0/6) D:9
    Orc (0/2) D:9

Altars:
Dithmenos
Elyvilon
Fedhas
Gozag
Nemelex Xobeh
Okawaru
Qazlal
Ru
Trog
Yredelemnul

Shops:
D:8 ([(

Annotations:
D:10 Urug


Innate Abilities, Weirdness & Mutations

You reflexively headbutt those who attack you in melee.
You have a pair of horns on your head.


Message History

You block Urug's attack.
You slice Urug!!
Urug is moderately wounded.
Urug hits you but does no damage.
You slash Urug! Your headbutt misses Urug.
Urug is heavily wounded.
Urug hits you with a double sword of electrocution!
You barely miss Urug.
Urug is heavily wounded.
Urug misses you.
You slash Urug! Your headbutt misses Urug.
Urug is severely wounded.
Urug hits you with a double sword of electrocution!!
* * * LOW HITPOINT WARNING * * *
You hit Urug. Your headbutt misses Urug.
Urug is severely wounded.
Urug hits you with a double sword of electrocution!
* * * LOW HITPOINT WARNING * * *
Urug hits you with a double sword of electrocution!!
You die...

#....####..< #...#
#.......#...
#...#...#.......'...
#...#...#.......#...
#...#...#.......#...
...#...#.......#.<.
..#...#.......#...
#o#...#.......#...
#@#...#.......#...
#.#'###.......#...
#(............+...
###########...#...
#####...


You could see Urug.

Vanquished Creatures
  Erica (D:9)
  A two-headed ogre (D:9)
  A hornet (D:9)
  2 dream sheep (D:8)
  2 hippogriffs (D:9)
  2 yaks (D:8)
  A hungry ghost (D:9)
  2 orc warriors
  3 sky beasts
  A black bear (D:7)
  A hornet zombie (D:9)
  5 ogres
  The ghost of Exporg the Chopper, an amateur DsBe of Trog (D:3)
  2 centaurs
  3 big kobolds
  5 bullfrogs
  A wyvern skeleton (D:6)
  4 scorpions
  3 wights (D:6)
  4 howler monkeys
  A bullfrog zombie (D:9)
  3 centaur skeletons
  8 orc priests
  5 hounds
  9 orc wizards
  4 iguanas
  5 worker ants
  A hound zombie (D:7)
  A hound skeleton (D:4)
  9 adders
  A shadow imp (D:5)
  An ooze (D:1)
  3 adder skeletons
  A worm (D:5)
  8 leopard geckos
  60 orcs
  A ball python (D:3)
  4 giant cockroaches
  8 goblins
  9 hobgoblins
  15 jackals
  10 kobolds
  7 quokkas
  A ball python skeleton (D:6)
  5 bats
  10 frilled lizards
  A giant cockroach zombie (D:5)
  A jackal skeleton (D:8)
  A leopard gecko skeleton (D:5)
  A leopard gecko zombie (D:7)
  A quokka zombie (D:5)
  7 rats
  A plant (D:8)
248 creatures vanquished.

Vanquished Creatures (collateral kills)
  A hydra (D:8)
  A big kobold (D:8)
2 creatures vanquished.

Vanquished Creatures (others)
  An adder (D:6)
1 creature vanquished.

Grand Total: 251 creatures vanquished

Notes
Turn   | Place    | Note
-------+----------+-------------------------------------------
     0 | D:1      | Madoushi the Minotaur Berserker began the quest for the Orb.
     0 | D:1      | Reached XP level 1. HP: 19/19 MP: 0/0
   214 | D:1      | Reached XP level 2. HP: 23/27 MP: 1/1
   257 | D:1      | Reached skill level 4 in Axes
   899 | D:1      | Reached XP level 3. HP: 33/33 MP: 2/2
  1184 | D:2      | Reached ** piety under Trog
  1269 | D:2      | Reached XP level 4. HP: 32/41 MP: 3/3
  1333 | D:2      | Found a basalt altar of Yredelemnul.
  1439 | D:2      | Reached skill level 5 in Fighting
  1782 | D:3      | Reached skill level 5 in Axes
  1890 | D:3      | Found a stormy altar of Qazlal.
  1924 | D:3      | Reached XP level 5. HP: 48/48 MP: 4/4
  2100 | D:3      | Reached *** piety under Trog
  2238 | D:3      | Noticed Exporg's ghost (amateur DsBe)
  2249 | D:3      | Killed Exporg's ghost
  2306 | D:4      | Reached XP level 6. HP: 53/56 MP: 5/5
  2332 | D:4      | Reached skill level 6 in Axes
  2550 | D:4      | Reached skill level 1 in Stealth
  2794 | D:4      | Reached skill level 7 in Axes
  2794 | D:4      | Reached XP level 7. HP: 52/61 MP: 6/6
  3094 | D:5      | Entered Level 5 of the Dungeon
  3329 | D:5      | Reached **** piety under Trog
  3742 | D:5      | Found a basalt altar of Yredelemnul.
  3759 | D:5      | Reached skill level 5 in Armour
  4150 | D:6      | Reached skill level 1 in Shields
  4171 | D:6      | Reached skill level 8 in Axes
  4176 | D:6      | Reached XP level 8. HP: 55/70 MP: 7/7
  4665 | D:6      | Reached skill level 9 in Axes
  5000 | D:6      | Reached ***** piety under Trog
  5009 | D:6      | Found a white marble altar of Elyvilon.
  5055 | D:6      | Found a staircase to the Ecumenical Temple.
  5691 | D:7      | Reached XP level 9. HP: 68/78 MP: 8/8
  5713 | D:7      | Reached skill level 5 in Dodging
  5822 | D:7      | Reached skill level 10 in Axes
  6371 | D:8      | Found Toewk's Antique Armour Shoppe.
  6477 | D:8      | Found a shadowy altar of Dithmenos.
  6563 | D:8      | Found Cunaedi's Weapon Shoppe.
  6611 | D:8      | Found Puept's Weapon Shop.
  6652 | D:8      | Received a gift from Trog
  6655 | D:8      | Reached skill level 11 in Axes
  6885 | D:8      | Noticed a three-headed hydra
  7257 | D:8      | Killed a five-headed hydra
  7257 | D:8      | Reached XP level 10. HP: 88/88 MP: 3/9
  7345 | D:9      | Reached skill level 5 in Shields
  7399 | D:9      | Noticed a two-headed ogre
  7407 | D:9      | Killed a two-headed ogre
  7631 | D:9      | Noticed Erica
  7632 | D:9      | Found an iron altar of Okawaru.
  7640 | D:9      | Killed Erica
  7640 | D:9      | Reached skill level 12 in Axes
  7708 | D:9      | Paralysed by a hornet for 3 turns
  7730 | D:9      | HP: 3/135 [orc warrior/short sword of electrocution (11)]
  7732 | D:9      | HP: 1/135 [poisoned by a hornet]
  8066 | D:9      | Found a staircase to the Orcish Mines.
  8224 | D:9      | Found an opulent altar of Gozag.
  8274 | D:9      | Found a bloodstained altar of Trog.
  8274 | D:9      | Found a blossoming altar of Fedhas.
  8287 | D:9      | Found a sacrificial altar of Ru.
  8287 | D:9      | Found a sparkling altar of Nemelex Xobeh.
  8331 | D:9      | Found a staircase to the Lair.
  8351 | D:9      | Found a stormy altar of Qazlal.
  8705 | D:10     | Entered Level 10 of the Dungeon
  8740 | D:10     | Noticed Urug
  8751 | D:10     | Annihilated by Urug

Skill      XL: |  1  2  3  4  5  6  7  8  9 10 |
---------------+-------------------------------+-----
Axes           | 4 5 7 8 9 11 12 | 12.6
Fighting       | 4 5 6 8 9 |  9.1
Dodging        | 3 4 6 7 |  7.1
Armour         | 3 4 5 6 7 8 |  8.5
Stealth        | 1 2 |  2.3
Shields        | 1 3 4 5 |  5.4

Action                   |  1- 3 |  4- 6 |  7- 9 | 10-12 || total
-------------------------+-------+-------+-------+-------++-------
Melee: Hand axe          |    58 |   140 |   326 |       ||   524
       Headbutt          |     9 |    23 |    65 |    22 ||   119
       Executioner's axe |       |       |     2 |   117 ||   119
Invok: Berserk           |       |     1 |     4 |     2 ||     7
       Burn Spellbooks   |       |       |     2 |     1 ||     3
       Brothers in Arms  |       |       |     1 |       ||     1
       Trog's Hand       |       |       |       |     1 ||     1
  Use: Scroll            |       |     6 |    13 |       ||    19
  Eat: Chunk             |     1 |     4 |    11 |       ||    16
       Ration            |       |       |     2 |     4 ||     6
Armor: Animal skin       |     6 |       |       |       ||     6
       Ring mail         |     8 |    43 |    76 |    38 ||   165
Dodge: Dodged            |    42 |    78 |   170 |   100 ||   390
Block: Other             |     7 |    20 |     1 |    15 ||    43
       Buckler           |       |       |    86 |       ||    86
       Reflection        |       |       |     3 |     2 ||     5
